 Dungeon Crawl Stone Soup version 0.14-a0-1663-g0b35444 (webtiles) character file.

5092 CrazyArbalest the Basher (level 10, 0/106 HPs)
             Began as an Ogre Berserker on Dec 28, 2013.
             Was a High Priest of Trog.
             Succumbed to an adder's poison
             ... on Level 9 of the Dungeon.
             The game lasted 00:49:10 (8017 turns).

CrazyArbalest the Basher (Ogre Berserker)           Turns: 8017, Time: 00:49:10

HP   0/106       AC  6     Str 25      XL: 10   Next: 39%
MP  10/10        EV 12     Int  7      God: Trog [*****.]
Gold 582         SH  0     Dex 10      Spells:  0 memorised,  9 levels left

rFire  + + .     SeeInvis .     H - +2,+0 flail (crush)
rCold  . . .     Clarity  +     y - +1 robe of the Heron {rF++}
rNeg   + . .     Conserve .     (shield restricted)
rPois  .         rCorr    .     (helmet restricted)
rElec  .         rRot     .     K - +1 cloak
SustAb . .       Spirit   .     (gloves unavailable)
rMut   .         Warding  .     (boots unavailable)
Saprov + . .     Stasis   .     L - cursed amulet of clarity
                                (no ring)
                                v - ring of positive energy

@: exhausted, mildly poisoned, very slightly contaminated, slowed, very slow,
somewhat resistant to hostile enchantments, fairly stealthy
A: unfitting armour, fast metabolism 1, saprovore 1, tough skin 1
a: Burn Spellbooks, Berserk, Trog's Hand, Brothers in Arms, Renounce Religion


You were on level 9 of the Dungeon.
You worshipped Trog.
Trog was extremely pleased with you.
You were near starving.

You visited 1 branch of the dungeon, and saw 9 of its levels.

You collected 582 gold pieces.

Inventory:

Hand weapons
 H - a +2,+0 flail of crushing (weapon)
 M - a +0,+0 giant spiked club
 T - a +0,+0 flail
 X - a +2,+0 dagger of chaos
Missiles
 r - 5 tomahawks of returning (quivered)
 R - a large rock
Armour
 y - the +1 robe of the Heron (worn) {rF++}
   (You found it on level 4 of the Dungeon)

   It greatly protects you from fire.
 K - a +1 cloak (worn)
Magical devices
 g - a wand of draining (4) {unknown}
 C - a wand of polymorph (4)
 F - a wand of frost (0)
 J - a wand of paralysis (8)
Comestibles
 a - a lychee
 c - 8 meat rations
 l - a rambutan
 m - 4 bread rations
 w - a choko
 O - 3 apples
 P - 3 pears
 Q - 2 apricots
Scrolls
 f - 4 scrolls of teleportation {unknown}
 h - a scroll of random uselessness {unknown}
 i - 6 scrolls of magic mapping
 j - a scroll of curse weapon {unknown}
 k - 6 scrolls of identify
 o - a scroll of enchant weapon II {unknown}
 s - 3 scrolls of remove curse {unknown}
 x - a scroll of amnesia {unknown}
 D - 4 scrolls of enchant armour {unknown}
 E - 2 scrolls of noise {unknown}
 N - 2 scrolls of fog {unknown}
Jewellery
 t - an uncursed ring of teleport control
 v - a ring of positive energy (left hand)
 L - a cursed amulet of clarity (around neck)
Potions
 b - 2 potions of speed {unknown}
 d - 4 potions of curing {unknown}
 e - 2 potions of confusion {unknown}
 n - 4 potions of heal wounds
 p - 2 potions of restore abilities {unknown}
 q - a potion of mutation {unknown}
 u - a potion of resistance {unknown}
 z - 2 potions of brilliance {unknown}
 A - 2 potions of poison {unknown}
 G - a potion of might {unknown}
 I - a potion of magic {unknown}
 S - a potion of paralysis {unknown}
 U - a potion of lignification {unknown}
Books
 B - a book of the Sky

   Spells                             Type                      Level
   Flight                             Charms/Air                   3
   Airstrike                          Air                          4
   Silence                            Hexes/Air                    5
   Deflect Missiles                   Charms/Air                   6
   Conjure Ball Lightning             Conjuration/Air              6
   Tornado                            Air                          9
   Trog disapproves of the use of such an item.
 V - a book of Necromancy

   Spells                             Type                      Level
   Pain                               Necromancy                   1
   Animate Skeleton                   Necromancy                   1
   Lethal Infusion                    Charms/Necromancy            2
   Vampiric Draining                  Necromancy                   3
   Regeneration                       Charms/Necromancy            3
   Animate Dead                       Necromancy                   4
   Control Undead                     Necromancy                   4
   Trog disapproves of the use of such an item.


   Skills:
 + Level 8.9 Fighting
 + Level 10.9 Maces & Flails
 * Level 6.1 Throwing
 + Level 8.0 Dodging
 + Level 4.1 Stealth
 + Level 0.5 Evocations


You had 9 spell levels left.
You didn't know any spells.

Dungeon Overview and Level Annotations

Branches:
Dungeon (9/16)             Temple (0/1) D:5
    Orc: D:9-12        Lair: D:8-11

Altars:
Ashenzari
Fedhas
Nemelex Xobeh
Vehumet

Shops:
D:8 [


Innate Abilities, Weirdness & Mutations

You are too large for most types of armour.
You have a fast metabolism.
You can tolerate rotten meat.
You have tough skin (AC +1).


Message History

You closely miss the wyvern.
The wyvern is lightly wounded.
You closely miss the wyvern.
The wyvern is lightly wounded.
The wyvern misses you.
You bludgeon the wyvern!!
The wyvern is almost dead.
The wyvern bites you!
* * * LOW HITPOINT WARNING * * *
You sock the wyvern!
You kill the wyvern!
Trog accepts your kill.
You feel a strong urge to attack something.
You are no longer berserk.
You are exhausted.
You feel yourself slow down.
You are near starving!
* * * LOW HITPOINT WARNING * * *
You feel sick.
You die...

............#..........#
######......#..........#
#......#..........#
######......#..........#
...<..).....)..........#
######......#.....>....#
###.####..........# #.#
#..........#
######.####...@......#
.....................#
.......###############
......# ##..... ... .


There were no monsters in sight!

Vanquished Creatures
  Psyche (D:9)
  A feature mimic (D:8)
  Grinder (D:4)
  Prince Ribbit (D:5)
  A wyvern (D:9)
  A yak (D:9)
  A hippogriff (D:8)
  Eustachio (D:4)
  Edmund (D:4)
  A swamp drake (D:7)
  An orc warrior (D:7)
  3 ice beasts (D:7)
  A phantom (D:5)
  2 ogres
  A yellow wasp (D:7)
  A centaur (D:9)
  Blork the orc (D:4)
  4 giant frogs
  A gnoll sergeant (D:8)
  5 wights (D:6)
  4 hounds
  5 crimson imps
  A goliath beetle (D:9)
  A giant frog skeleton (D:7)
  Crazy Yiuf (D:5)
  3 orc priests
  6 orc wizards
  A scorpion (D:5)
  5 worker ants
  2 iguanas (D:7)
  A sky beast zombie (D:7)
  Ijyb (D:4)
  An ogre skeleton (D:6)
  A hound zombie (D:8)
  Terence (D:3)
  A hound skeleton (D:8)
  10 adders
  5 gnolls (D:8)
  2 giant mites
  5 worms
  2 giant eyeballs
  5 giant geckos
  14 orcs
  6 giant cockroaches
  13 hobgoblins
  16 jackals
  5 quokkas
  3 ball pythons
  12 bats
  6 giant newts
  A giant spore (D:9)
  A gnoll skeleton (D:5)
  13 goblins
  A goblin skeleton (D:4)
  A hobgoblin zombie (D:8)
  A jackal zombie (D:5)
  10 kobolds
  A kobold zombie (D:7)
  13 rats
  A rat zombie (D:6)
  3 ballistomycetes (D:9)
215 creatures vanquished.

Notes
Turn   | Place    | Note
--------------------------------------------------------------
     0 | D:1      | CrazyArbalest, the Ogre Berserker, began the quest for the Orb.
     0 | D:1      | Reached XP level 1. HP: 24/24 MP: 1/1
   208 | D:1      | Reached XP level 2. HP: 29/33 MP: 2/2
   637 | D:2      | Found a radiant altar of Vehumet.
   643 | D:2      | Acquired Trog's second power
   796 | D:2      | Reached XP level 3. HP: 38/40 MP: 3/3
  1254 | D:2      | Found a shattered altar of Ashenzari.
  1254 | D:2      | Found a sparkling altar of Nemelex Xobeh.
  1368 | D:2      | Reached skill level 1 in Stealth
  1564 | D:3      | Reached XP level 4. HP: 37/49 MP: 4/4
  1580 | D:3      | Noticed Terence
  1620 | D:3      | Killed Terence
  1922 | D:3      | Reached skill level 5 in Maces & Flails
  2303 | D:4      | Noticed Grinder
  2312 | D:4      | Killed Grinder
  2312 | D:4      | Reached skill level 5 in Fighting
  2312 | D:4      | Reached skill level 6 in Maces & Flails
  2312 | D:4      | Reached XP level 5. HP: 57/57 MP: 5/5
  2312 | D:4      | Reached XP level 6. HP: 66/66 MP: 6/6
  2325 | D:4      | Got an ominously black robe
  2425 | D:4      | Noticed Eustachio
  2434 | D:4      | Killed Eustachio
  2434 | D:4      | Reached XP level 7. HP: 74/74 MP: 7/7
  2491 | D:4      | Reached skill level 7 in Maces & Flails
  2610 | D:4      | Noticed Blork the orc
  2630 | D:4      | Killed Blork the orc
  2630 | D:4      | Reached skill level 5 in Dodging
  2706 | D:4      | Noticed Edmund
  2733 | D:4      | Noticed Ijyb
  2761 | D:4      | Killed Ijyb
  3311 | D:4      | Killed Edmund
  3311 | D:4      | Reached skill level 1 in Throwing
  3458 | D:5      | Entered Level 5 of the Dungeon
  3611 | D:5      | Found a staircase to the Ecumenical Temple.
  3726 | D:5      | Noticed Prince Ribbit
  3738 | D:5      | Killed Prince Ribbit
  3738 | D:5      | Reached XP level 8. HP: 53/84 MP: 8/8
  3931 | D:5      | Acquired Trog's third power
  4042 | D:5      | Reached skill level 8 in Maces & Flails
  4074 | D:5      | Found a blossoming altar of Fedhas.
  4276 | D:5      | Paralysed by a giant eyeball for 2 turns
  4701 | D:5      | Noticed Crazy Yiuf
  4707 | D:5      | Killed Crazy Yiuf
  4719 | D:5      | Identified the +1 robe of the Heron {rF++} (You found it on level 4 of the Dungeon)
  5368 | D:6      | Paralysed by a giant eyeball for 3 turns
  5463 | D:6      | Reached XP level 9. HP: 71/93 MP: 9/9
  5536 | D:6      | Reached skill level 9 in Maces & Flails
  6928 | D:8      | Reached skill level 5 in Throwing
  7151 | D:8      | Found Strell's Antique Armour Emporium.
  7163 | D:8      | Killed a fountain mimic
  7163 | D:8      | Reached skill level 10 in Maces & Flails
  7286 | D:8      | Reached XP level 10. HP: 70/104 MP: 10/10
  7828 | D:8      | HP: 4/106 [hippogriff (6)]
  7851 | D:8      | Received a gift from Trog
  7931 | D:9      | Noticed Psyche
  7946 | D:9      | Killed Psyche
  8012 | D:9      | HP: 2/159 [wyvern (16)]
  8017 | D:9      | Succumbed to an adder's poison

Action                   |  1- 3 |  4- 6 |  7- 9 | 10-12 || total
-------------------------+-------+-------+-------+-------++-------
Melee: Mace              |   137 |    67 |       |       ||   204
       Flail             |       |    17 |   394 |   105 ||   516
Throw: Tomahawk          |       |       |    29 |    11 ||    40
       Large rock        |       |       |     8 |     1 ||     9
Invok: Berserk           |       |     3 |     6 |     3 ||    12
       Burn Spellbooks   |       |       |     1 |       ||     1
Evoke: Wand              |       |       |     6 |       ||     6
  Use: Scroll            |       |       |     1 |       ||     1
       Potion            |       |       |       |     2 ||     2
 Stab: Sleeping          |     2 |       |     1 |     1 ||     4
       Paralysed         |       |       |     4 |       ||     4
